cohdb
Replays
Latest Replays
All Replays
Popular Replays
Top Player Replays
Match Explorer
How It Works
Community
CoH3 Stats
Reddit
Sign in to upload your games and track your stats! →
Sign in with Steam
Match 45461302
Unlisted
Match 45461302
Overview
Messages
Build Orders
End
Construct Barracks
Riflemen Squad
Riflemen Squad
Selects Armored Battlegroup
Selects Veteran Crews
Construct Weapon Support Center
Grenade Package
M1919 Machine Gun Team
Riflemen Squad
Air Support Center
Riflemen Squad
P-47 Strafing Run
P-47 Dive Bomb
Construct Motor Pool
P-47 Strafing Run
M8 Greyhound Armored Car
P-47 Dive Bomb
Grasshopper Recon Run
Selects M31 Recovery Vehicle
Engineer Squad
Grasshopper Recon Run
P-47 Strafing Run
P-47 Dive Bomb
Selects War Machine
M24 Chaffee Light Tank
M24 Chaffee Light Tank
M1 Mortar Team
M1 Mortar Team
P-47 Strafing Run
Selects Strength in Steel
Grasshopper Recon Run
P-47 Strafing Run
Engineer Squad
M1 Anti-tank Gun Team
Bazooka Squad
M1919 Machine Gun Team
(1stCav)Walther ppk jaguar
tweaky
Yugocana
Zeke
72ebel
[EC] Comrade Sniper
Dark Lord Cthulhu
MrZiehr
0
0
Comments
sign in to comment!
No comments posted yet!